AoeStats
← LRNI_altoguiso

Arena

510417787Analyzed
4v4 RM · 17h ago on Sep 30, 2026· 24m 33s· 8 players
Game mode
Random Map
Map size
Large (8 player)
Population
200
Speed
Normal
Resources
Standard
Victory
Conquest
Starting age
Dark Age
Ending age
Imperial Age
RankedLock teamsTeams togetherTeam positionsShared explorationLock speedFull tech treeHidden civsTurbo modeCheats
Victory
Defeat
🇦🇷 Portuguese · Argentina
1446
+11
🇨🇦 Romans · Canada
1388
+13
🇺🇸 Muisca · United States
1366
+14
🇨🇴 Celts · Colombia
1219
+20
🇪🇸 Bohemians · Spain
1366
-16
🇮🇩 Wei · Indonesia
1336
-15
🇨🇴 Mapuche · Colombia
1323
-15
🇩🇪 Mongols · Germany
1252
-12
Behind You
9:56 Feudal Age
10:03 Feudal Age
14:15 Castle Age
13:10 Double-Bit Axe
BondTrustee
10:50 Feudal Age
12:05 Double-Bit Axe
14:41 Castle Age
12:33 Horse Collar
15:46 Scale Barding Armor
15:55 Bow Saw
15:31 Loom
NitwoL
11:02 Feudal Age
11:38 Loom
15:29 Castle Age
14:11 Double-Bit Axe
14:35 Horse Collar
17:53 Bow Saw
PrimordiaL_
10:25 Feudal Age
14:01 Castle Age
12:09 Horse Collar
12:16 Double-Bit Axe
LRNI MarinM
8:56 Feudal Age
7:12 Loom
12:32 Castle Age
11:23 Double-Bit Axe
11:44 Gold Mining
19:13 Sanctity
20:38 Fervor
23:41 Redemption
LRNI_altoguiso
4:12 Loom
10:33 Feudal Age
14:40 Castle Age
LRNI_Bélico
10:48 Feudal Age
14:50 Castle Age
13:08 Double-Bit Axe
13:03 Horse Collar
16:22 Bow Saw
21:51 Wheelbarrow
23:20 Hand Cart
23:27 Heavy Plow
LRNI_Thegar
10:10 Feudal Age
9:11 Loom
14:13 Castle Age
14:38 Double-Bit Axe
Connection lost

Rejoining the realm…

Still unreachable

The connection could not be restored.

Session expired

The server has moved on; the page needs a fresh start.